 Dungeon Crawl Stone Soup version 0.31-a0-187-gba352fbbf7 (webtiles) character file.

Game seed: 8564506903792499611

5315 qw the Markself (level 10, -3/56 HPs)
             Began as a Deep Elf Hunter on June 22, 2023.
             Was a Believer of Okawaru.
             Slain by a yak (13 damage)
             ... on level 8 of the Dungeon.
             The game lasted 00:02:13 (5016 turns).

qw the Markself (Deep Elf Hunter)                   Turns: 5016, Time: 00:02:14

Health: -3/56      AC:  9    Str: 12    XL:     10   Next: 37%
Magic:  14/15      EV: 23    Int: 15    God:    Okawaru [**....]
Gold:   103        SH:  0    Dex: 20    Spells: 9/9 levels left

rFire   . . .        g - +4 longbow of Wondrous Power {elec, Str+2}
rCold   . . .        (shield currently unavailable)
rNeg    + . .        k - +3 ring mail {rPois}
rPois   +            (no helmet)
rElec   .            (no cloak)
rCorr   .            (no gloves)
SInv    .            (no boots)
Will    +....        (no amulet)
Stlth   +++          d - +5 ring of evasion
HPRegen 0.29/turn    i - ring of positive energy
MPRegen 0.14/turn

%: no passive effects
@: about to teleport, heroic
A: no striking features
a: Renounce Religion, Heroism


You were on level 8 of the Dungeon.
You worshipped Okawaru.
Okawaru was pleased with you.
You visited 2 branches of the dungeon, and saw 9 of its levels.

You collected 376 gold pieces.
You spent 273 gold pieces at shops.


   Skills:
 - Level 4.0(9.0) Fighting
 + Level 17.1(22.1) Ranged Weapons
 - Level 1.2(6.2) Armour
 - Level 7.1(12.1) Dodging
 - Level 1.2(6.2) Stealth
 - Level 4.1 Invocations


You had 9 spell levels left.
You didn't know any spells.
Your spell library was empty.

Inventory:

Hand Weapons
 g - the +4 longbow of Wondrous Power (weapon) {elec, Str+2}
   (You acquired it on level 4 of the Dungeon)

   Str:       It affects your strength (+2).
Armour
 k - a +3 ring mail of poison resistance (worn)
Jewellery
 d - a +5 ring of evasion (left hand)
 i - a ring of positive energy (right hand)
Scrolls
 a - 3 scrolls of teleportation
 c - a scroll of identify
Potions
 b - 3 potions of enlightenment
 e - 3 potions of mutation
 f - a potion of heal wounds
 h - a potion of might
 l - a potion of resistance
 n - 2 potions of curing
 o - a potion of degeneration {unknown}

Dungeon Overview and Level Annotations

Branches:
Dungeon (8/15)             Temple (1/1) D:6
   Lair: D:8-11

Altars:
Ashenzari
Dithmenos
Elyvilon
Fedhas
Gozag
Hepliaklqana
Kikubaaqudgha
Makhleb
Nemelex Xobeh
Okawaru
Qazlal
Ru
Sif Muna
Trog
Uskayaw
Vehumet
Wu Jian
Xom
Yredelemnul
Zin
The Shining One

Shops:
D:6 *[*![

Annotations:
D:7 1 runed translucent door, Crazy Yiuf


Message History

The yak is almost dead.
The yak closely misses you. The yak gores you but does no damage.
You shoot an arrow. The arrow hits the yak!
The yak is heavily wounded.
The yak gores you!
5007 ||| INVOKING Heroism.
You gain the combat prowess of a mighty hero.
The yak barely misses you.
You shoot an arrow. The arrow hits the yak!
The yak is severely wounded.
The yak gores you.
You shoot an arrow. The arrow hits the yak.
The yak is severely wounded.
The yak barely misses you. The yak misses you.
The yak gores you but does no damage.
You shoot an arrow. The arrow hits the yak!!
You kill the yak!
Okawaru accepts your kill. The yak barely misses you. The yak misses you.
You shoot an arrow. The arrow hits the yak!!
The yak is almost dead.
The yak barely misses you. The yak gores you!
You shoot an arrow. The arrow hits the yak.
You kill the yak!
Okawaru accepts your kill.
Your base Dodging skill increases to level 7!
You shoot an arrow. The arrow hits the yak!
Lightning courses through the yak!!
The yak is severely wounded.
You shoot an arrow. The arrow hits the yak!!
You kill the yak!
Okawaru accepts your kill. The yak closely misses you.
You shoot an arrow. The arrow hits the yak!
The yak is heavily wounded.
The yak gores you! The yak misses you.
5016 ||| READING 4 scrolls of teleportation.
As you read the scroll of teleportation, it crumbles to dust.
You feel strangely unstable. The yak gores you but does no damage.
The yak gores you!
You die... ..# #.# ..# #.# ##Y# YY#

#Y#####..
#@YYF%..#
##.#####.#####..
.........#
#.......###
#..####%..#####.#
...# #.........#
#.# #...#######
#.# #%.##
##.####..#


You could see 6 yaks and a bullfrog.

Vanquished Creatures
  A two-headed ogre (D:7)
  Maggie (D:6)
  A gargoyle (D:7)
  A troll (D:5)
  Prince Ribbit (D:7)
  Sigmund (D:2)
  9 yaks
  A steam dragon (D:6)
  Menkaure (D:5)
  2 water moccasins (D:7)
  2 orc warriors (D:7)
  2 ogres
  A centaur (D:5)
  A phantom (D:7)
  3 bullfrogs
  3 scorpions
  4 wights (D:6)
  A howler monkey (D:7)
  4 hounds
  2 jellies
  An orc priest (D:7)
  Terence (D:2)
  6 iguanas
  Ijyb (D:5)
  2 orc wizards
  7 gnolls
  6 adders
  2 shadow imps (D:7)
  3 white imps
  A howler monkey simulacrum (D:7)
  An ufetubus (D:6)
  A worm (D:2)
  A dart slug (D:3)
  23 orcs
  9 endoplasms
  4 giant cockroaches
  4 goblins (D:1)
  6 hobgoblins
  3 jackals (D:1)
  7 kobolds
  2 quokkas
  6 ball pythons
  3 bats
  5 frilled lizards
  5 rats
152 creatures vanquished.

Notes
Turn   | Place    | Note
-------+----------+-------------------------------------------
     0 | D:1      | qw the Deep Elf Hunter began the quest for the Orb.
     0 | D:1      | Reached XP level 1. HP: 12/12 MP: 3/3
     0 | D:1      | 0 ||| qw: Version: 0.3-a-9-g12657ce
     0 | D:1      | 0 ||| qw: Game counter: 2473
     0 | D:1      | 0 ||| qw: Always use a shield: true
     0 | D:1      | 0 ||| qw: God list: Okawaru
     0 | D:1      | 0 ||| qw: Allow faded altars: false
     0 | D:1      | 0 ||| qw: Do Orc after D:15 true
     0 | D:1      | 0 ||| qw: Do second Lair branch before Depths: true
     0 | D:1      | 0 ||| qw: Lair rune preference: random
     0 | D:1      | 0 ||| qw: Plans: Normal
     0 | D:1      | 0 ||| PLANNING D:1-11
    67 | D:1      | Reached XP level 2. HP: 14/16 MP: 4/4
    83 | D:1      | Reached skill level 6 in Ranged Weapons
   752 | D:1      | 752 ||| UPGRADING to +0 ring mail.
   762 | D:1      | 762 ||| DROPPING +0 leather armour.
   763 | D:1      | 763 ||| UPGRADING to +5 ring of evasion.
   764 | D:1      | 764 ||| READING 2 scrolls labelled OPSOYCO ZAURPH.
   765 | D:1      | 765 ||| READING 2 scrolls labelled SUILISALAI.
   766 | D:1      | 766 ||| READING scroll labelled ESSE AXIBUETOAJE.
   767 | D:1      | 767 ||| READING scroll labelled FOOCAUDOYC.
   772 | D:1      | 772 ||| DRINKING 2 fuming blue potions.
   773 | D:1      | 773 ||| DROPPING scroll of vulnerability.
   774 | D:1      | 774 ||| DROPPING scroll of butterflies.
   775 | D:1      | 775 ||| DROPPING scroll of amnesia.
   809 | D:2      | 809 ||| DROPPING +0 sling of flaming.
   855 | D:2      | Reached XP level 3. HP: 7/20 MP: 5/5
   856 | D:2      | HP: 5/20 [poisoned by an adder]
  1005 | D:2      | Noticed Terence
  1014 | D:2      | Killed Terence
  1015 | D:2      | Reached skill level 7 in Ranged Weapons
  1015 | D:2      | Reached XP level 4. HP: 21/25 MP: 6/6
  1015 | D:2      | 1015 ||| FLEEEEING.
  1016 | D:2      | 1016 ||| FLEEEEING.
  1017 | D:2      | 1017 ||| FLEEEEING.
  1018 | D:2      | 1018 ||| FLEEEEING.
  1020 | D:2      | 1020 ||| FLEEEEING.
  1021 | D:2      | 1021 ||| STAIRDANCE
  1109 | D:2      | Noticed Sigmund
  1120 | D:2      | Killed Sigmund
  1121 | D:2      | Reached skill level 9 in Ranged Weapons
  1121 | D:2      | Reached XP level 5. HP: 22/29 MP: 7/7
  1340 | D:2      | Found a glowing silver altar of Zin.
  1355 | D:2      | 1355 ||| READING scroll labelled BIVACVAESU.
  1357 | D:2      | 1357 ||| Stepping ~*~*~tactically~*~*~ (cloud).
  1358 | D:2      | 1358 ||| DRINKING potion of curing.
  1358 | D:2      | 1358 ||| (to cure poison)
  1447 | D:3      | 1447 ||| READING scroll of enchant armour.
  1447 | D:3      | 1447 ||| ENCHANTING +0 ring mail.
  1456 | D:3      | 1456 ||| READING scroll of enchant armour.
  1456 | D:3      | 1456 ||| ENCHANTING +1 ring mail.
  1578 | D:3      | Found a faded altar of an unknown god.
  1594 | D:3      | Reached XP level 6. HP: 35/35 MP: 8/8
  1838 | D:3      | 1838 ||| READING 4 scrolls labelled NIW SUEHYFISAI.
  1839 | D:3      | 1839 ||| READING 3 scrolls of identify.
  1839 | D:3      | 1839 ||| IDENTIFYING lumpy yellow potion
  1840 | D:3      | 1840 ||| READING 2 scrolls of identify.
  1840 | D:3      | 1840 ||| IDENTIFYING lumpy red potion
  1901 | D:4      | Found a white marble altar of Elyvilon.
  1944 | D:4      | HP: 6/35 [ogre/+0 giant club (14)]
  1945 | D:4      | 1945 ||| READING 3 scrolls of teleportation.
  1950 | D:4      | Reached skill level 10 in Ranged Weapons
  1951 | D:4      | 1951 ||| READING 2 scrolls of teleportation.
  1952 | D:4      | HP: 7/35 [endoplasm (1)]
  2313 | D:4      | Reached skill level 3 in Dodging
  2822 | D:4      | 2822 ||| UPGRADING to +0 ring mail of poison resistance.
  2832 | D:4      | 2832 ||| UPGRADING to ring of positive energy.
  2833 | D:4      | 2833 ||| READING scroll labelled LEMINU BUMUNK.
  2834 | D:4      | 2834 ||| READING scroll labelled ANTITI LINIHAFU.
  2834 | D:4      | Identified a scroll of acquirement
  2834 | D:4      | 2834 ||| ACQUIRING +4 longbow of Wondrous Power {elec,
                  | Str+2}
  2834 | D:4      | Acquired the +4 longbow of Wondrous Power {elec, Str+2}
  2836 | D:4      | 2836 ||| SWAPPING to +4 longbow of Wondrous Power {elec,
                  | Str+2}.
  2837 | D:4      | 2837 ||| DROPPING +0 shortbow.
  2838 | D:4      | 2838 ||| READING scroll labelled OSHOGIOSCHE.
  2905 | D:5      | Entered Level 5 of the Dungeon
  2905 | D:5      | Noticed Ijyb
  2908 | D:5      | Killed Ijyb
  2909 | D:5      | Reached XP level 7. HP: 40/40 MP: 9/9
  2968 | D:5      | Noticed Menkaure
  2971 | D:5      | Killed Menkaure
  2972 | D:5      | Reached skill level 11 in Ranged Weapons
  3032 | D:5      | Reached skill level 12 in Ranged Weapons
  3060 | D:5      | Noticed a troll
  3063 | D:5      | Killed a troll
  3064 | D:5      | Reached XP level 8. HP: 44/44 MP: 10/10
  3111 | D:5      | 3111 ||| FLEEEEING.
  3112 | D:5      | 3112 ||| FLEEEEING.
  3113 | D:5      | 3113 ||| FLEEEEING.
  3114 | D:5      | 3114 ||| FLEEEEING.
  3118 | D:5      | Reached skill level 1 in Armour
  3219 | D:5      | 3219 ||| READING 2 scrolls of enchant armour.
  3219 | D:5      | 3219 ||| ENCHANTING +0 ring mail of poison resistance.
  3220 | D:5      | 3220 ||| READING scroll of enchant armour.
  3220 | D:5      | 3220 ||| ENCHANTING +1 ring mail of poison resistance.
  3409 | D:5      | 3409 ||| DROPPING +2 ring mail.
  3410 | D:5      | 3410 ||| READING 2 scrolls of identify.
  3410 | D:5      | 3410 ||| IDENTIFYING yellow potion
  3411 | D:5      | 3411 ||| DROPPING potion of attraction.
  3454 | D:6      | Noticed Maggie
  3455 | D:6      | Reached skill level 3 in Fighting
  3463 | D:6      | Killed Maggie
  3464 | D:6      | Reached skill level 13 in Ranged Weapons
  3529 | D:6      | Found Wourew's Distillery.
  3538 | D:6      | 3538 ||| BUYING potion of curing (39 gold).
  3538 | D:6      | Bought a potion of curing for 39 gold pieces
  3538 | D:6      | 3538 ||| BUYING potion of enlightenment (65 gold).
  3538 | D:6      | Bought a potion of enlightenment for 65 gold pieces
  3538 | D:6      | 3538 ||| BUYING potion of heal wounds (65 gold).
  3538 | D:6      | Bought a potion of heal wounds for 65 gold pieces
  3538 | D:6      | 3538 ||| BUYING potion of mutation (104 gold).
  3538 | D:6      | Bought a potion of mutation for 104 gold pieces
  3538 | D:6      | 3538 ||| SHOPLISTING potion of resistance (130 gold, have
                  | 11).
  3618 | D:6      | Found Yckoaver's General Store.
  3627 | D:6      | 3627 ||| SHOPLISTING amulet of reflection (330 gold, have
                  | 19).
  3627 | D:6      | 3627 ||| SHOPLISTING potion of curing (33 gold, have 19).
  3679 | D:6      | Found a staircase to the Ecumenical Temple.
  3680 | D:6      | 3680 ||| PLANNING TEMPLE
  3689 | D:6      | Reached skill level 14 in Ranged Weapons
  3693 | Temple   | Entered the Ecumenical Temple
  3833 | Temple   | 3833 ||| PLANNING D:1-11
  3898 | D:6      | Found an iron altar of Okawaru.
  3899 | D:6      | 3899 ||| PLANNING OKAWARU WORSHIP
  3906 | D:6      | Became a worshipper of Warmaster Okawaru
  3907 | D:6      | 3907 ||| PLANNING D:1-11
  3947 | D:6      | Reached XP level 9. HP: 51/51 MP: 11/11
  4038 | D:6      | Found Verocvia's Antique Armour Boutique.
  4047 | D:6      | 4047 ||| SHOPLISTING runed ring mail (203 gold, have 32).
  4089 | D:6      | Found Kidudish's Assorted Antiques.
  4092 | D:6      | 4092 ||| SHOPLISTING glowing ring mail (175 gold, have 32).
  4093 | D:6      | Found Joxt's Armour Boutique.
  4101 | D:6      | 4101 ||| SHOPLISTING +0 pair of gloves (49 gold, have 32).
  4101 | D:6      | 4101 ||| SHOPLISTING +0 scale mail of fire resistance (121
                  | gold, have 32).
  4101 | D:6      | 4101 ||| SHOPLISTING +2 ring mail of willpower (231 gold,
                  | have 32).
  4101 | D:6      | 4101 ||| READING 2 scrolls of identify.
  4101 | D:6      | 4101 ||| IDENTIFYING ruby potion
  4285 | D:7      | Reached skill level 15 in Ranged Weapons
  4302 | D:7      | Reached skill level 6 in Dodging
  4355 | D:7      | Noticed Prince Ribbit
  4361 | D:7      | Killed Prince Ribbit
  4361 | D:7      | Reached * piety under Okawaru
  4407 | D:7      | Found a glowing silver altar of Zin.
  4611 | D:7      | Found a runed translucent door.
  4612 | D:7      | Noticed Crazy Yiuf
  4654 | D:7      | Reached skill level 1 in Invocations
  4679 | D:7      | 4679 ||| INVOKING Heroism.
  4680 | D:7      | Noticed a two-headed ogre
  4680 | D:7      | Noticed a gargoyle
  4683 | D:7      | Killed a two-headed ogre
  4691 | D:7      | Killed a gargoyle
  4691 | D:7      | Reached ** piety under Okawaru
  4692 | D:7      | Reached skill level 16 in Ranged Weapons
  4717 | D:7      | 4717 ||| READING scroll of enchant armour.
  4717 | D:7      | 4717 ||| ENCHANTING +2 ring mail of poison resistance.
  4724 | D:7      | Reached XP level 10. HP: 54/56 MP: 15/15
  4913 | D:7      | 4913 ||| READING scroll labelled RISUGI POPNAVVI.
  4914 | D:7      | 4914 ||| READING scroll labelled PEMIAPP RAUVI.
  4915 | D:7      | 4915 ||| READING scroll labelled PUUSUE FEDIE.
  4916 | D:7      | 4916 ||| READING 3 scrolls of identify.
  4916 | D:7      | 4916 ||| IDENTIFYING fuming red potion
  4917 | D:7      | 4917 ||| READING 2 scrolls of identify.
  4917 | D:7      | 4917 ||| IDENTIFYING coppery potion
  4918 | D:7      | 4918 ||| DROPPING potion of lignification.
  4999 | D:8      | Reached skill level 17 in Ranged Weapons
  5007 | D:8      | 5007 ||| INVOKING Heroism.
  5015 | D:8      | HP: 10/56 [yak (8)]
  5016 | D:8      | 5016 ||| READING 4 scrolls of teleportation.
  5016 | D:8      | Slain by a yak

Levels and vault maps discovered:
D:1:      giann_wishing_wells, layout_loops_ring,
          minmay_misc_feat_secret_circle, grunt_decor_mini_mirrors
D:2:      layout_basic, basic_altar, nicolae_kite_square_tiling_tiny,
          uniq_sigmund, uniq_terence
D:3:      layout_rooms, shapermc_ecumenical_altar_pompeii
D:4:      layout_gridville, nicolae_elyvilon_peaceful_grove,
          minmay_misc_feat_ornament
D:5:      layout_basic, wad_floor_pattern_2, uniq_ijyb, uniq_menkaure
D:6:      layout_gridville, mainiacjoe_overflow_chevrons,
          minmay_temple_entry_glass, serial_shops, shop, shop, shop, shop,
          kennysheep_mini_moat, lightli_orcish_oven, uniq_maggie
D:7:      nzn_winding_woodlands_medium [nzn_winding_woodlands_5x5_cross,
          nzn_winding_woodlands_5x15_cabin, nzn_winding_woodlands_5x5_perimeter,
          nzn_winding_woodlands_5x5_open_star,
          nzn_winding_woodlands_center_lodge,
          nzn_winding_woodlands_5x5_checkerboard,
          nzn_winding_woodlands_5x5_three, nzn_winding_woodlands_5x15_zeroes,
          nzn_winding_woodlands_hourglass], layout_basic, lemuel_crystal_altar,
          uniq_prince_ribbit1, uniq_crazy_yiuf_cottage
D:8:      layout_loops_ring, slow_altar_2, erik_lair_dragon
Temple:   regret_index_temple_chain_breaker

Skill      XL: |  1  2  3  4  5  6  7  8  9 10 |
---------------+-------------------------------+-----
Ranged Weapons | 6 7 9 10 12 14 16 17 | 17.1
Fighting       | 2 3 4 |  4.0
Dodging        | 3 5 6 7 |  7.1
Armour         | 1 |  1.2
Invocations    | 4 |  4.1
Stealth        | |  1.2

Action                     |  1- 3 |  4- 6 |  7- 9 | 10-12 || total
---------------------------+-------+-------+-------+-------++-------
   Fire: Shortbow          |    81 |   149 |       |       ||   230
         Longbow           |       |     3 |   167 |    38 ||   208
 Invoke: Heroism           |       |       |     1 |     1 ||     2
    Use: Scroll            |     4 |    11 |     5 |     6 ||    26
         Potion            |     1 |     1 |       |       ||     2
 Armour: Leather armour    |     5 |       |       |       ||     5
         Ring mail         |     8 |     9 |     7 |     4 ||    28
  Dodge: Dodged            |    32 |    47 |    41 |    18 ||   138

Table legend:
 A = Non-vault XP
 B = Vault XP
 C = Vault XP percentage of total XP
 D = Non-vault monster count
 E = Vault monster count
 F = Vault count percentage of total count
                 A         B        C        D         E       F
            +---------+---------+-------+---------+---------+-------
      Total |    4074 |    3520 |  46.4 |     121 |      31 |  20.4
            +---------+---------+-------+---------+---------+-------
        D:1 |      40 |       0 |   0.0 |      24 |       0 |   0.0
        D:2 |      29 |     269 |  90.3 |      10 |       2 |  16.7
        D:3 |      65 |       0 |   0.0 |      23 |       0 |   0.0
        D:4 |     298 |       0 |   0.0 |      16 |       0 |   0.0
        D:5 |     783 |     211 |  21.2 |      13 |       2 |  13.3
        D:6 |     920 |     430 |  31.9 |      21 |       6 |  22.2
        D:7 |     311 |    2610 |  89.4 |       6 |      21 |  77.8
        D:8 |    1628 |       0 |   0.0 |       8 |       0 |   0.0
            +---------+---------+-------+---------+---------+-------
